AoeStats
← LoStratega

Black Forest

508886270Analyzed
2v2 RM · 7d ago on Sep 24, 2026· 51m 50s· 4 players
Game mode
Random Map
Map size
Medium (4 player)
Population
200
Speed
Normal
Resources
Standard
Victory
Conquest
Starting age
Dark Age
Ending age
Imperial Age
RankedLock teamsTeams togetherTeam positionsShared explorationLock speedFull tech treeHidden civsTurbo modeCheats
Victory
Defeat
🇮🇹 Sicilians · Italy
1181
+15
🇮🇹 Ethiopians · Italy
1181
+15
🇹🇼 Vietnamese · Taiwan
1169
-16
🇹🇼 Khmer · Taiwan
1133
-14
LoStratega
1:00 Loom
12:31 Feudal Age
14:55 Double-Bit Axe
14:53 Horse Collar
18:21 Castle Age
21:06 Squires
25:15 Wheelbarrow
24:58 Stone Mining
25:55 Heavy Plow
25:35 Demolition Ship
27:52 Hand Cart
27:52 Bow Saw
29:12 Fervor
29:23 Sanctity
29:56 Gold Mining
30:41 Stone Shaft Mining
30:56 Town Watch
34:10 Imperial Age
32:22 Caravan
32:38 Forging
32:28 Scale Mail Armor
33:34 Gold Shaft Mining
34:37 Fletching
35:02 Chain Mail Armor
35:23 Iron Casting
35:18 Town Patrol
34:45 Halberdier
36:18 Conscription
36:25 Bodkin Arrow
38:50 Plate Mail Armor
39:22 Blast Furnace
41:03 Ballistics
41:43 Chemistry
41:18 Fortified Wall
45:23 Siege Engineers
47:18 Arson
47:38 Torsion Engines
47:56 Elite Shotel Warrior
48:39 Royal Heirs
Halbert
0:26 Loom
14:05 Feudal Age
15:19 Double-Bit Axe
17:55 Castle Age
15:56 Horse Collar
18:59 Wheelbarrow
22:18 Fishing Lines
22:57 Gold Mining
22:57 Stone Mining
22:57 Gold Mining
22:58 Stone Mining
22:58 Gold Mining
24:36 Caravan
24:52 Bow Saw
26:38 Gillnets
27:47 Hand Cart
30:45 Gold Shaft Mining
30:00 Stone Mining
30:45 Gold Shaft Mining
30:00 Stone Mining
30:45 Gold Shaft Mining
30:45 Heavy Plow
33:19 Imperial Age
30:36 Town Watch
31:01 Arson
31:17 Squires
31:02 Arson
31:17 Squires
31:02 Gambesons
32:03 Forging
31:53 Scale Mail Armor
32:04 Forging
31:45 Fletching
32:40 Stone Shaft Mining
32:16 Town Patrol
33:23 Elite Serjeant
34:33 Conscription
34:50 Hoardings
34:30 Masonry
34:38 Chain Mail Armor
34:58 Iron Casting
34:38 Chain Mail Armor
34:58 Iron Casting
34:30 Bodkin Arrow
34:59 Ballistics
35:39 Chemistry
34:59 Ballistics
35:39 Chemistry
36:00 Plate Mail Armor
36:12 Crop Rotation
37:39 Blast Furnace
36:42 Bracer
37:45 Chemistry
38:02 Siege Engineers
37:20 Onager
38:19 Pikeman
38:52 Halberdier
42:04 Padded Archer Armor
Wade Wang
1:14 Loom
13:47 Feudal Age
17:59 Castle Age
17:09 Double-Bit Axe
18:57 Bow Saw
18:31 Horse Collar
21:07 Heavy Plow
24:23 Stone Mining
24:25 Gold Mining
25:47 Wheelbarrow
28:20 Hand Cart
28:12 Caravan
31:26 Imperial Age
31:28 Stone Shaft Mining
31:29 Gold Shaft Mining
31:17 Bloodlines
30:28 Light Cavalry
31:09 Husbandry
32:11 Scale Barding Armor
32:17 Forging
33:15 Chain Barding Armor
32:17 Hussar
33:49 Iron Casting
33:05 Fletching
33:16 Padded Archer Armor
34:21 Chemistry
35:46 Blast Furnace
35:44 Conscription
36:22 Plate Barding Armor
38:14 Crop Rotation
37:43 Elite Ballista Elephant
38:39 Heavy Scorpion
40:28 Scale Mail Armor
41:19 Leather Archer Armor
42:58 Double Crossbow
47:02 Town Watch
47:03 Pikeman
48:00 Chain Mail Armor
47:34 Halberdier
49:26 Bodkin Arrow
50:10 Town Patrol
牙痛
0:48 Loom
14:36 Feudal Age
16:14 Wheelbarrow
19:10 Castle Age
17:50 Horse Collar
18:05 Fishing Lines
19:31 Double-Bit Axe
20:41 Bow Saw
21:06 Gillnets
23:16 Hand Cart
23:26 Gold Mining
23:26 Stone Mining
24:37 Fletching
25:19 Heavy Plow
26:13 Stone Mining
27:20 Caravan
28:41 Bodkin Arrow
28:47 Padded Archer Armor
29:00 Forging
29:00 Scale Barding Armor
30:11 Stone Shaft Mining
29:25 Town Watch
34:25 Imperial Age
32:44 Town Patrol
33:39 Iron Casting
33:24 Chain Barding Armor
33:32 Chatras
34:37 Leather Archer Armor
34:59 Ballistics
35:44 Crop Rotation
36:15 Two-Man Saw
35:42 Husbandry
35:54 Bloodlines
36:11 Paper Money
35:40 Elite Battle Elephant
43:31 Chemistry
43:29 Bracer
43:59 Ring Archer Armor
44:05 Plate Barding Armor
43:31 Elite Skirmisher
44:47 Crossbowman
45:59 Thumb Ring
45:14 Arbalester
Connection lost

Rejoining the realm…

Still unreachable

The connection could not be restored.

Session expired

The server has moved on; the page needs a fresh start.